 Dungeon Crawl Stone Soup version 0.21.1-1-g345015f (webtiles) character file.

54 vatarom the Ruffian (level 3, -4/28 HPs)
             Began as a Draconian Transmuter on Apr 27, 2018.
             Killed by divine providence
             ... invoked by an orc priest
              (15 damage)
             ... on level 3 of the Dungeon.
             The game lasted 00:02:13 (1052 turns).

vatarom the Ruffian (Draconian Transmuter)          Turns: 1052, Time: 00:02:14

Health: -4/28      AC:  2    Str: 13    XL:     3   Next: 66%
Magic:  3/6        EV: 19    Int: 13    God:
Gold:   82         SH:  0    Dex: 16    Spells: 0/6 levels left

rFire    . . .     SeeInvis .     - Unarmed
rCold    . . .     Gourm    .   (shield currently unavailable)
rNeg     . . .     Faith    .   (armour unavailable)
rPois    x         Spirit   .   (helmet currently unavailable)
rElec    .         Reflect  .   (cloak currently unavailable)
rCorr    .         Harm     .   (gloves currently unavailable)
MR       .....                  (boots currently unavailable)
Stlth    +.........             (no amulet)
HPRegen  0.09/turn              (no ring)
MPRegen  0.10/turn              (no ring)

@: spider-form (expiring)
A: tiny, unfitting armour, AC +5
a: End Transformation


You were on level 3 of the Dungeon.
You were very hungry.
You were a venomous arachnid creature.
You visited 1 branch of the dungeon, and saw 3 of its levels.

You collected 82 gold pieces.

Inventory:

Missiles
 a - 12 arrows
Scrolls
 d - a scroll of enchant armour {unknown}
 e - 2 scrolls of immolation {unknown}
 i - a scroll of remove curse {unknown}
 j - a scroll of blinking {unknown}
Potions
 f - a potion of agility {unknown}
 g - a potion of heal wounds {unknown}
 h - a potion of curing {unknown}
Books
 b - a book of Changes

   Spells                             Type                      Level
   a - Beastly Appendage              Transmutation                1
   b - Sticks to Snakes               Transmutation                2
   c - Spider Form                    Transmutation/Poison         3
   d - Ice Form                       Ice/Transmutation            4
   e - Blade Hands                    Transmutation                5
Comestibles
 c - a ration


   Skills:
 - Level 1.1 Fighting
 - Level 1.7 Dodging
 * Level 4.2 Unarmed Combat
 - Level 2.0 Spellcasting
 + Level 2.8 Transmutations


You couldn't memorise any spells.
You knew the following spells:

 Your Spells              Type           Power        Failure   Level  Hunger
a - Beastly Appendage     Tmut           #.....       21%         1    ##.....
b - Sticks to Snakes      Tmut           #.......     28%         2    ###....
c - Spider Form           Tmut/Pois      #.........   61%         3    ####...


Dungeon Overview and Level Annotations

Branches:
Dungeon (2/15)

Altars:
Qazlal


Innate Abilities, Weirdness & Mutations

((Your plain brown scales are hard. (AC +5)))
You cannot fit into any form of body armour.
((You are cold-blooded and may be slowed by cold attacks.))


Message History

You hit the orc.
The orc is lightly wounded.
The orc completely misses you.
You bite the orc!
You kill the orc!
The orc misses you.
You see here a short sword.
You bite the orc!
You kill the orc!
The orc completely misses you.
The orc priest mumbles some strange prayers to Beogh against you.
Pain shoots through your body!
Your transformation is almost over.
The orc priest barely misses you.
You see here an orc corpse.
You barely miss the orc priest. The orc closely misses you.
The orc priest calls down the wrath of Beogh upon you.
Beogh smites you!
Ouch! That really hurt!
You die...

# ...#
.##...#
##.#...
#.....
#.... ...
# #o#
#.#s#
#####%#o#
........#
###.##..#
#).# #..#
#..# ....
###.#


You could see an orc priest and an orc.

Vanquished Creatures
  An adder (D:2)
  An ooze (D:1)
  A worm (D:2)
  2 dart slugs
  A leopard gecko (D:2)
  2 orcs (D:3)
  2 giant cockroaches
  3 hobgoblins
  6 jackals
  3 kobolds
  A quokka (D:3)
  4 bats (D:1)
  A rat (D:1)
28 creatures vanquished.

Notes
Turn   | Place    | Note
-------+----------+-------------------------------------------
     0 | D:1      | vatarom the Draconian Transmuter began the quest for the Orb.
     0 | D:1      | Reached XP level 1. HP: 16/16 MP: 3/3
   306 | D:1      | Reached XP level 2. HP: 8/23 MP: 3/5
   804 | D:2      | Reached XP level 3. HP: 16/28 MP: 4/6
   810 | D:2      | Learned a level 2 spell: Sticks to Snakes
   814 | D:2      | Learned a level 3 spell: Spider Form
   923 | D:2      | Reached skill level 4 in Unarmed Combat
   949 | D:2      | Found a stormy altar of Qazlal.
  1037 | D:2      | You fall through a shaft!
  1052 | D:3      | Killed from afar by an orc priest

Skill      XL: |  1  2  3 |
---------------+----------+-----
Unarmed Combat | 4 |  4.2
Fighting       | |  1.1
Dodging        | |  1.7
Spellcasting   | |  2.0
Transmutations | |  2.8

Action                   || total
-------------------------++-------
Melee: Unarmed           ||   124
       Tailslap          ||     6
       Kick              ||     4
       Punch             ||     2
       Headbutt          ||     3
 Cast: Beastly Appendage ||    13
       Spider Form       ||     2
Armor: Skin              ||    38
Dodge: Dodged            ||    83
